 Dungeon Crawl Stone Soup version 0.24-a0-778-g74da537585 (webtiles) character file.

Game seed: 9874141489319774852, levelgen mode: deterministic

0 Gargoyl the Skirmisher (level 1, -14/19 HPs)
             Began as a Centaur Abyssal Knight on Oct 7, 2019.
             Was a Follower of Lugonu.
             Demolished by a tentacled starspawn (32 damage)
             ... on level 1 of the Abyss.
             The game lasted 00:00:09 (46 turns).

Gargoyl the Skirmisher (Centaur Abyssal Knight)       Turns: 46, Time: 00:00:10

Health: -14/19     AC:  4    Str: 12 (14) XL:     1   Next: 0%
Magic:  2/2        EV:  9    Int:  9 (11) God:    Lugonu [*.....]
Gold:   0          SH:  0    Dex:  7 (8)  Spells: 0/0 levels left

rFire    + . .     SeeInvis .   a - +1 hand axe
rCold    + . .     Gourm    .   (no shield)
rNeg     . . .     Faith    .   b - +0 leather armour
rPois    +         Spirit   .   (no helmet)
rElec    +         Reflect  .   (no cloak)
rCorr    +         Harm     .   (no gloves)
MR       .....                  (no barding)
Stlth    ..........             (no amulet)
HPRegen  0.06/turn              (no ring)
MPRegen  0.08/turn              (no ring)

@: confused, resistant, very quick
A: large, hooves 3, deformed body, speed 2, tough skin 3
a: Depart the Abyss, Renounce Religion


You were on level 1 of the Abyss.
You worshipped Lugonu.
Lugonu was aware of your devotion.
You were not hungry.

You visited 0 branches of the dungeon, and saw 0 of its levels.
You visited the Abyss 1 time.

Inventory:

Hand Weapons
 a - a +1 hand axe (weapon)
Armour
 b - a +0 leather armour (worn)
Comestibles
 c - a ration


   Skills:
 + Level 3.0 Fighting
 + Level 1.7 Axes
 + Level 1.3 Armour
 + Level 0.6 Dodging
 + Level 2.0 Invocations


You couldn't memorise any spells.
You didn't know any spells.
Your spell library was empty.

Dungeon Overview and Level Annotations

Branches:
Dungeon (0/15)

Altars:


Innate Abilities, Weirdness & Mutations

You have hooves in place of feet.
Armour fits poorly on your strangely shaped body.
You cover ground very quickly.
You have extremely tough skin. (AC +3)


Message History

You are more confused.
The starspawn tentacle barely misses you.
A starspawn tentacle segment comes into view.
The golden eye blinks at you.
You are more confused.
The starspawn tentacle closely misses you.
The starspawn tentacle grabs you. The starspawn tentacle constricts you.
You hit the starspawn tentacle.
You kick the starspawn tentacle, but do no damage.
The starspawn tentacle is lightly damaged.
You hit the starspawn tentacle but do no damage.
The golden eye blinks at you. You resist with some effort.
The starspawn tentacle loses its grip on you.
The tentacle pulls you backwards!
The starspawn tentacle closely misses you.
A hellwing comes into view.
The tentacled starspawn bites you!!
Ouch! That really hurt!
You die...

#.##.#.[ #... ...
...#.##.#.#.##..##
..#...#....#...#..
...#...#.#..#...##
.#.....#.....#....
..................
..................
.........Xw.......
#.....#.G@..#....
###...###...## ...
.#.....#.....# .
..............
.... .).........
..................
.# ....#.....#....
###...###...###4..
##... .


You could see a tentacled starspawn, a hellwing (wandering), a starspawn
tentacle and a golden eye.

Vanquished Creatures (others)
  A starspawn tentacle (Abyss:1)
1 creature vanquished.

Notes
Turn   | Place    | Note
-------+----------+-------------------------------------------
     0 | Abyss:1  | Gargoyl the Centaur Abyssal Knight began the quest for the
                  | Orb.
     0 | Abyss:1  | Reached XP level 1. HP: 19/19 MP: 2/2
    35 | Abyss:1  | Noticed a golden eye
    35 | Abyss:1  | Noticed a tentacled starspawn
    46 | Abyss:1  | Noticed a hellwing
    46 | Abyss:1  | Demolished by a tentacled starspawn

Levels and vault maps discovered:
Abyss:1:  guppyfry_abyss_exit_spiral_guarded

Action                   || total
-------------------------++-------
Melee: Hand axe          ||     1
       Kick              ||     1
  Use: Potion            ||     2
       Scroll            ||     1
Dodge: Dodged            ||     3

Table legend:
 A = Non-vault XP
 B = Vault XP
 C = Vault XP percentage of total XP
 D = Non-vault monster count
 E = Vault monster count
 F = Vault count percentage of total count
                 A         B        C        D         E       F
            +---------+---------+-------+---------+---------+-------
      Total |       0 |       0 |   N/A |       0 |       0 |  -nan
            +---------+---------+-------+---------+---------+-------
            +---------+---------+-------+---------+---------+-------
